 Dungeon Crawl Stone Soup version 0.25-a0-346-g140ab784a8 (webtiles) character file.

Game seed: 1306070928608922221, levelgen mode: deterministic

40 BritishOli the Skirmisher (level 3, -9/29 HPs)
             Began as a Demonspawn Monk on Dec 31, 2019.
             Mangled by a worm (12 damage)
             ... on level 1 of the Dungeon.
             The game lasted 00:01:01 (1158 turns).

BritishOli the Skirmisher (Demonspawn Monk)         Turns: 1158, Time: 00:01:02

Health: -9/29      AC:  2    Str: 12    XL:     3   Next: 30%
Magic:  3/3        EV: 13    Int: 11    God:
Gold:   0          SH:  0    Dex: 15    Spells: 2/2 levels left

rFire    . . .     SeeInvis .   a - +0 falchion
rCold    . . .     Gourm    .   (no shield)
rNeg     . . .     Faith    .   b - +0 robe
rPois    .         Spirit   .   (helmet restricted)
rElec    .         Reflect  .   (no cloak)
rCorr    .         Harm     .   (no gloves)
MR       .....                  (no boots)
Stlth    ++........             (no amulet)
HPRegen  0.09/turn              (no ring)
MPRegen  0.08/turn              (no ring)

@: lethally poisoned (-9 -> -16)
A: horns 1
a: no special abilities


You were on level 1 of the Dungeon.
You were hungry.

You visited 1 branch of the dungeon, and saw 2 of its levels.

Inventory:

Hand Weapons
 a - a +0 falchion (weapon)
Missiles
 l - a throwing net (quivered)
Armour
 b - a +0 robe (worn)
Jewellery
 f - an uncursed ring of positive energy {unknown}
 i - a +2 ring of protection {unknown}
Scrolls
 g - 2 scrolls of identify {unknown}
 k - a scroll of noise {unknown}
Potions
 d - a potion of degeneration {unknown}
 e - a potion of curing {unknown}
 h - a potion of flight {unknown}
 j - a potion of agility {unknown}
 m - 2 potions of cancellation {unknown}
Comestibles
 c - 4 rations


   Skills:
 + Level 3.4 Fighting
 + Level 3.1 Long Blades
 + Level 3.1 Dodging
 - Level 2.2 Stealth


You had 2 spell levels left.
You didn't know any spells.
Your spell library was empty.

Dungeon Overview and Level Annotations

Branches:
Dungeon (2/15)

Altars:


Innate Abilities, Weirdness & Mutations

You have a pair of small horns on your head.


Message History

* * * LOW HITPOINT WARNING * * *
You feel sick.
* * * LOW HITPOINT WARNING * * *
You feel sick. The worm closely misses you.
You riposte.
You hit the worm.
The worm is moderately wounded.
You hit the worm.
You headbutt the worm, but do no damage.
The worm is severely wounded.
* * * LOW HITPOINT WARNING * * *
You feel sick. The worm closely misses you.
You riposte.
You hit the worm but do no damage.
The worm is heavily wounded.
You hit the worm. Your headbutt misses the worm.
The worm is severely wounded.
* * * LOW HITPOINT WARNING * * *
You feel sick.
You hit the worm.
The worm is almost dead.
The worm bites you!
You die...

♣...##.###...#...#
#......#.#..†#
...###...)....#..#
#####.##.....#
....##.###....#..#
#.####.### ..P....#
####.##.## #.# #.#
.♣...###
#.##..######.# #.#
.P.#.#
#.##..##.....# #.#
.....#
#.###.##.##### #.#
.....# #.###w.#.#
#.# .....#
#...@.>#.########.#
.♣...#
########..........#
P♣..## ############
..### ..# ..# .##
.# ##


You could see a worm.

Vanquished Creatures
  2 adders (D:2)
  A leopard gecko (D:1)
  A ball python (D:1)
  A goblin (D:2)
  2 hobgoblins
  4 kobolds
  5 bats
  3 frilled lizards (D:1)
  5 rats
24 creatures vanquished.

Notes
Turn   | Place    | Note
-------+----------+-------------------------------------------
     0 | D:1      | BritishOli the Demonspawn Monk began the quest for the Orb.
     0 | D:1      | Reached XP level 1. HP: 18/18 MP: 1/1
   481 | D:1      | Gained mutation: You have a pair of small horns on your
                  | head. [demonic ancestry]
   481 | D:1      | Reached XP level 2. HP: 23/24 MP: 2/2
   830 | D:2      | HP: 1/24 [goblin (4)]
  1127 | D:2      | Reached XP level 3. HP: 29/29 MP: 3/3
  1158 | D:1      | Mangled by a worm

Levels and vault maps discovered:
D:1:      denvon_arrival_planthouse, layout_basic
D:2:      layout_basic, minitemple, first_ration

Skill      XL: |  1  2 |
---------------+-------+-----
Stealth        | 2 |  2.2
Long Blades    | 3 |  3.1
Dodging        | 3 |  3.1
Fighting       | |  3.4

Action                   || total
-------------------------++-------
Melee: Falchion          ||    38
       Headbutt          ||     6
 Stab: Sleeping          ||     4
Armor: Robe              ||     6
Dodge: Dodged            ||    44
       Rpst.: Falchion   ||    19

Table legend:
 A = Non-vault XP
 B = Vault XP
 C = Vault XP percentage of total XP
 D = Non-vault monster count
 E = Vault monster count
 F = Vault count percentage of total count
                 A         B        C        D         E       F
            +---------+---------+-------+---------+---------+-------
      Total |      58 |       0 |   0.0 |      24 |       0 |   0.0
            +---------+---------+-------+---------+---------+-------
        D:1 |      20 |       0 |   0.0 |      14 |       0 |   0.0
        D:2 |      38 |       0 |   0.0 |      10 |       0 |   0.0
            +---------+---------+-------+---------+---------+-------
